Map: Ascension to Aiur LE

Players

Revolution

  • Race: Zerg Zerg
  • Spawn Location: 5:00

Zanster - Winner!

  • Race: Zerg Zerg
  • Spawn Location: 11:00

Event: WCS Montreal 2017

VOD

Have the link to the VOD?

Description

Time

  • Played on: Sept. 8, 2017, 2:27 p.m.
  • Length: 7:07

All games in this series

Show
View Real Time Build Order
Export as new Build Order

Revolution Zerg 

Build Orders: Hatch First 

Get SALT Encoding   

  12  0:00  Drone  
  13  0:12  Overlord  
  13  0:18  Drone  
  14  0:31  Drone  
  14  0:32  Drone  
  14  0:34  Drone  
  17  0:52  Hatchery  
  17  0:55  Drone  
  17  0:59  Extractor  
  17  1:01  Drone  
  17  1:15  Spawning Pool  
  17  1:17  Drone  
  17  1:23  Drone  
  18  1:28  Drone  
  19  1:38  Overlord  
  19  2:02  Queen  
  19  2:03  Zergling x4  
  19  2:04  Queen  
  19  2:07  Metabolic Boost  
  25  2:11  Drone  
  26  2:17  Drone  
  26  2:19  Drone  
  28  2:28  Baneling Nest  
  27  2:30  Drone x2  
  27  2:36  Drone  
  30  2:46  Drone x2  
  32  3:02  Hatchery  
  31  3:08  Overlord  
  31  3:12  Zergling x8  
  35  3:14  Baneling x2  
  35  3:18  Zergling x2  
  36  3:27  Overlord  
  36  3:32  Zergling x2  
  36  3:33  Zergling x6  
  40  3:42  Zergling x2  
  40  3:43  Zergling x6  
  43  3:56  Zergling x6  
  43  3:57  Zergling x6  
  43  3:59  Baneling x2  
  43  4:00  Baneling  
  47  4:09  Zergling x2  
  38  4:10  Zergling x4  
  40  4:21  Extractor  
  39  4:24  Hatchery  
  39  4:27  Zergling x6  
  40  4:35  Baneling x2  
  40  4:37  Zergling x2  
  40  4:38  Zergling x2  
  40  4:44  Zergling x2  
  35  4:57  Zergling x2  
  35  4:58  Zergling x14  
  39  5:18  Zergling x8  
  42  5:25  Baneling x3  
  42  5:29  Zergling x8  
  42  5:30  Zergling x2  
  44  6:03  Zergling x20  
  54  6:11  Zergling x8  
  57  6:12  Baneling  
  57  6:13  Baneling x2  
  55  6:22  Zergling x8  
  53  6:37  Zergling x12  
Show
View Real Time Build Order
Export as new Build Order

Zanster Zerg - Winner!

Build Orders: Hatch First 

Get SALT Encoding   

  12  0:00  Drone  
  13  0:12  Overlord  
  13  0:16  Drone  
  14  0:31  Drone x2  
  14  0:34  Drone  
  17  0:52  Hatchery  
  17  0:55  Drone  
  17  0:58  Drone  
  18  1:09  Extractor  
  17  1:14  Spawning Pool  
  17  1:16  Drone  
  17  1:19  Drone  
  18  1:28  Drone  
  19  1:39  Drone  
  20  1:50  Overlord  
  20  2:02  Queen  
  20  2:04  Queen  
  20  2:05  Zergling x4  
  26  2:10  Metabolic Boost  
  26  2:11  Zergling x2  
  27  2:16  Drone  
  27  2:22  Drone  
  29  2:26  Drone  
  30  2:32  Drone  
  30  2:36  Baneling Nest  
  30  2:37  Drone  
  31  2:47  Drone  
  32  2:53  Hatchery  
  32  2:54  Drone  
  32  2:57  Overlord  
  31  3:06  Zergling x2  
  31  3:07  Zergling x2  
  31  3:09  Zergling x2  
  31  3:10  Zergling x2  
  35  3:17  Zergling x4  
  35  3:18  Drone x2  
  39  3:21  Drone  
  39  3:22  Drone  
  41  3:28  Overlord  
  41  3:33  Drone  
  42  3:38  Baneling x2  
  42  3:50  Zergling x6  
  42  3:51  Zergling x10  
  49  3:57  Zergling x2  
  49  4:00  Overlord  
  47  4:14  Zergling x6  
  48  4:18  Drone  
  48  4:19  Drone x4  
  48  4:23  Drone  
  48  4:24  Drone x3  
  56  4:27  Baneling x2  
  56  4:29  Queen  
  57  4:33  Baneling x2  
  57  4:39  Drone x4  
  57  4:41  Drone  
  56  4:53  Zergling x2  
  56  4:54  Zergling x6  
  56  4:59  Extractor  
  58  5:00  Extractor, Roach Warren  
  58  5:01  Overlord  
  58  5:02  Evolution Chamber  
  58  5:05  Zergling x12  
  61  5:08  Overlord  
  59  5:14  Zergling x2  
  59  5:15  Zergling x2  
  59  5:20  Overlord  
  61  5:24  Baneling x2  
  61  5:28  Drone x6  
  67  5:33  Drone x2  
  65  5:47  Lair  
  65  5:48  Zergling x4  
  64  5:50  Roach x4  
  71  5:57  Overlord  
  71  6:00  Roach x3  
  71  6:04  Overlord  
  77  6:07  Roach x2  
  77  6:09  Baneling x2  
  79  6:11  Overlord  
  79  6:17  Roach x2  
  80  6:24  Roach x4  
  85  6:29  Overlord  
  78  6:33  Drone x3  
  78  6:34  Drone  
  78  6:39  Drone x3  
  85  6:44  Roach  
  85  6:45  Roach  
  90  6:55  Ravager  
  90  6:58  Ravager  
Tags
 
Add a new tag
Caveats
  • Supply blocks, unpowered buildings, or Contaminate may cause inaccurate times.
  • Supply counts are checked every 10 seconds.